 Dungeon Crawl Stone Soup version 0.30.0-29-ga12c61a403 (webtiles) character file.

Game seed: 13967528983301350907

22255 croobank the Anamnesiscian (level 12, -1/81 HPs)
             Began as a Demonspawn Conjurer on June 16, 2023.
             Was an Elder of Hepliaklqana.
             Slain by a cane toad (17 damage)
             ... on level 2 of the Lair of Beasts.
             The game lasted 00:48:41 (15778 turns).

croobank the Anamnesiscian (Demonspawn Conjurer)   Turns: 15778, Time: 00:48:42

Health: -1/81      AC:  9    Str:  9    XL:     12   Next: 61%
Magic:  20/23      EV: 14    Int: 23    God:    Hepliaklqana [****..]
Gold:   868        SH:  0    Dex: 12    Spells: 13/25 levels left

rFire   . . .        Z - staff of conjuration
rCold   + . .        (no shield)
rNeg    + . .        X - +0 troll leather armour
rPois   .            (helmet restricted)
rElec   .            t - +0 cloak
rCorr   .            u - +0 pair of gloves
SInv    .            r - +2 pair of boots
Will    .....        (no amulet)
Stlth   +++          e - ring of positive energy
HPRegen 1.13/turn    y - ring of protection from cold
MPRegen 0.18/turn

%: no passive effects
@: lethally poisoned (-1 -> -7)
A: reduced essence, antennae 2, claws 2, hooves 2, powered by pain 1, spiny 1
a: Renounce Religion, Recall Ancestor, Ancestor Identity, Transference, Idealise


You were on level 2 of the Lair of Beasts.
You worshipped Hepliaklqana.
Hepliaklqana was greatly pleased with you.
You visited 2 branches of the dungeon, and saw 15 of its levels.
You also visited: Ossuary.

You collected 1012 gold pieces.
You spent 144 gold pieces at shops.

Inventory:

Hand Weapons
 c - a +2 dagger of venom
 o - a +4 quarterstaff
 p - a +0 morningstar
 x - a +0 war axe of venom
 A - a +0 broad axe
 L - a +2 halberd of flaming
 Q - a +6 falchion of freezing
 R - a +4 dire flail of freezing
 U - a +0 rapier of draining
Missiles
 l - 11 atropa-tipped darts
 D - 9 boomerangs
 J - 2 boomerangs of dispersal
 O - 2 javelins
Armour
 a - a +0 kite shield
 k - a +1 ring mail of fire resistance
 r - a +2 pair of boots (worn)
 t - a +0 cloak (worn)
 u - a +0 pair of gloves (worn)
 F - a scarf of shadows
 G - +0 acid dragon scales
 S - a +0 buckler
 X - a +0 troll leather armour (worn)
Magical Staves
 Z - a staff of conjuration (weapon)
Jewellery
 e - a ring of positive energy (left hand)
 y - a ring of protection from cold (right hand)
 z - a +6 ring of dexterity
 B - a +4 ring of protection
 V - a ring of fire
Wands
 M - a wand of roots (15)
Scrolls
 f - 8 scrolls of teleportation
 h - a scroll of silence
 q - a scroll of amnesia
 v - 3 scrolls of immolation
 C - 2 scrolls of torment
 E - 4 scrolls of blinking
 N - 2 scrolls of identify
 T - 3 scrolls of vulnerability
 W - 4 scrolls of fear
Potions
 b - 3 potions of magic
 d - 6 potions of curing
 g - 3 potions of attraction
 i - 7 potions of mutation
 j - a potion of berserk rage
 m - a potion of lignification
 n - 6 potions of haste
 s - 4 potions of brilliance
 w - 2 potions of might
 H - 3 potions of flight
 K - a potion of resistance
 Y - a potion of heal wounds
Miscellaneous
 I - a phial of floods
 P - a phantom mirror


   Skills:
 + Level 7.6 Fighting
 + Level 7.3 Dodging
 + Level 8.0 Stealth
 + Level 7.4 Spellcasting
 + Level 8.8 Conjurations
 + Level 7.1 Hexes
 - Level 5.0 Translocations
 - Level 5.0 Fire Magic
 + Level 9.1 Invocations


You had 13 spell levels left.
You knew the following spells:

 Your Spells              Type           Power      Damage    Failure   Level
a - Magic Dart            Conj           100%       1d8       1%          1
b - Searing Ray           Conj           100%       2d8       1%          2
c - Dazzling Flash        Conj/Hex       100%       N/A       1%          3
d - Iskenderun's Mystic   Conj/Tloc      57%        2d12      6%          4
e - Scorch                Fire           62%        2d8       1%          2

Your spell library contained the following spells:

 Spells                   Type           Power      Damage    Failure   Level
 Tukima's Dance           Hex            41%        N/A       1%          3
 Fulminant Prism          Conj/Hex       30%        3d15      3%          4
 Flame Wave               Conj/Fire      57%        2d14      6%          4
 Passage of Golubria      Tloc           31%        N/A       13%         4
 Yara's Violent Unravell  Hex/Tmut       12%        3d7       54%         5
 Summon Lightning Spire   Summ/Air       8%         N/A       71%         4
 Summon Cactus Giant      Summ           4%         N/A       100%        6
 Storm Form               Tmut/Air       4%         N/A       100%        7
 Maxwell's Capacitive Co  Air            4%         ∞         100%        8


Dungeon Overview and Level Annotations

Branches:
Dungeon (12/15)            Temple (0/1) D:5            Lair (3/5) D:10
  Snake (0/4) Lair:2          Orc (0/2) D:12        Ossuary (visited)
  Swamp: Lair:2-3    Shoals: Lair:2-3

Altars:
Ashenzari
Dithmenos
Fedhas
Gozag
Hepliaklqana
Kikubaaqudgha
Nemelex Xobeh
Qazlal
Sif Muna
Vehumet
Wu Jian
Xom

Shops:
D:3 ?[:   D:4 [   D:5 !   D:6 [   D:7 =   D:9 ((

Annotations:
D:12 Nessos
Lair:2 1 runed translucent door, ystael's ghost, journeyman TrFi


Innate Abilities, Weirdness & Mutations

Your life essence is reduced to manifest your ancestor. (-10% HP)
You have a pair of antennae on your head.
You have very sharp fingernails.
You have hoof-like feet.
You sometimes gain a little power by taking damage.
You are partially covered in sharp spines.


Message History

You hit the cane toad but do no damage.
You blast the cane toad!
The cane toad is heavily wounded.
You feel very sick. The cane toad stings you!
You focus on the pain.
You feel your power returning.
Baqqanum casts a spell at the cane toad.
The stone arrow hits the blink frog!!
The blink frog blinks!
The blink frog closely misses Baqqanum.
The cane toad misses you.
You feel very sick.
Baqqanum hits the blink frog with a +0 quarterstaff!!
The blink frog dies!
The blink frog closely misses Baqqanum.
The blink frog is struck by your spines.
The blink frog barely misses you.
There is a stone staircase leading up, spattered with blood here.
You feel very sick.
The blink frog is no longer blind.
The blink frog is struck by your spines.
You kill the blink frog!
The cane toad is struck by your spines. The cane toad stings you!
You are more poisoned.
The cane toad poisons you!
You climb upwards.
Level annotation: 1 runed translucent door, ystael's ghost, journeyman TrFi You feel extremely sick.
There is a stone staircase leading down here.
Casting: Dazzling Flash (safe; 1% risk of failure)
Confirm with . or Enter, or press ? or * to list all spells.
Aiming: Searing Ray (safe; 1% risk of failure)
Press: ? - help, Shift-Dir - straight line, f - cane toad
Aim: a cane toad (heavily wounded, 85% to hit)
You feel a surge of power!
The searing ray hits the cane toad!
The cane toad is almost dead. (Press . to maintain the ray.)
You feel very sick. The cane toad completely misses you.
The searing ray hits the cane toad.
The cane toad is almost dead.
You feel very sick. The cane toad stings you!
You die...

§§.............#..#.#.#
♣.§§.........##.....#.#
.♣...........##.....#.#
.............+.....##.#
♣.............#.....#.#
♣.........<...#.R###..##
.............#..#..##..#
♣......................#
♣...............@......#
.................F....P#
....................<.##
...........#P##.##.##.##
...........######.###..#
...........# ####.###.##
...........###.....##.#
............##....###.##
...........#####...##..#


You could see a cane toad.

Vanquished Creatures
  A hydra (Lair:1)
  2 death yaks (Lair:1)
  An ugly thing (D:8)
  A cyclops (D:12)
  Joseph (D:7)
  A cane toad (Lair:2)
  A kobold demonologist (D:10)
  A troll (D:10)
  2 hornets
  4 blink frogs
  A shadow (D:12)
  A spriggan (Lair:2)
  2 wraiths
  4 yaks
  2 wyverns
  A basilisk (Lair:1)
  6 vampire mosquitoes
  2 wargs (D:12)
  An acid dragon (D:8)
  A naga (Lair:2)
  2 water moccasins
  2 orc warriors
  A sky beast (D:7)
  An ogre (D:7)
  6 wolves
  A centaur (D:8)
  A kobold brigand (D:11)
  2 bullfrogs
  4 water moccasin zombies (Ossuary)
  3 scorpions
  4 wights (D:9)
  8 killer bees
  5 howler monkeys
  3 hounds
  A jelly (D:6)
  A gnoll bouda (D:8)
  5 orc priests
  6 iguanas
  3 sleepcaps
  8 orc wizards
  2 mummies (Ossuary)
  15 adders
  7 gnolls
  A shadow imp (D:6)
  A white imp (D:7)
  3 ufetubi
  6 adder zombies (Ossuary)
  36 orcs
  3 endoplasms
  6 goblins
  5 hobgoblins
  8 quokkas
  9 ball pythons
  3 bats
  3 frilled lizards
  6 gnoll zombies (Ossuary)
  2 hobgoblin zombies (Ossuary)
  5 kobolds
  3 kobold zombies (Ossuary)
  8 orc zombies (Ossuary)
  4 rats
239 creatures vanquished.

Vanquished Creatures (collateral kills)
  2 hydras (Lair:1)
  2 two-headed ogres
  3 death yaks (Lair:2)
  An unseen horror (D:12)
  2 gargoyles
  A cane toad (Lair:1)
  4 komodo dragons
  A troll (D:9)
  4 blink frogs
  A wyvern (Lair:1)
  A spriggan (Lair:2)
  A wraith (D:11)
  5 yaks
  A steam dragon (D:7)
  4 vampire mosquitoes (D:11)
  2 wargs (D:12)
  2 nagas (Lair:2)
  6 water moccasins
  An orc warrior (D:12)
  3 wolves
  A centaur (D:12)
  6 bullfrogs
  A howler monkey (D:10)
  An orc priest (D:12)
  3 orc wizards
  3 orcs
  2 kobolds (D:11)
64 creatures vanquished.

Vanquished Creatures (others)
  4 battlemagi
  3 ancestors
7 creatures vanquished.

Grand Total: 310 creatures vanquished

Notes
Turn   | Place    | Note
-------+----------+-------------------------------------------
     0 | D:1      | croobank the Demonspawn Conjurer began the quest for the
                  | Orb.
     0 | D:1      | Reached XP level 1. HP: 13/13 MP: 3/3
   351 | D:1      | Discovered your monstrous ancestry.
   351 | D:1      | Gained mutation: You have a pair of small antennae on your
                  | head. [demonic ancestry]
   351 | D:1      | Reached XP level 2. HP: 19/19 MP: 1/5
   506 | D:1      | Found a faded altar of an unknown god.
   824 | D:2      | Learned a level 2 spell: Searing Ray
   911 | D:2      | Gained mutation: You have a pair of antennae on your head.
                  | [demonic ancestry]
   911 | D:2      | Reached XP level 3. HP: 24/24 MP: 1/6
   972 | D:2      | Learned a level 3 spell: Dazzling Flash
  1286 | D:2      | Found an ancient bone altar of Kikubaaqudgha.
  1540 | D:3      | Found a blossoming altar of Fedhas.
  1568 | D:3      | Reached XP level 4. HP: 27/30 MP: 7/7
  1655 | D:3      | Found Tyotwid's Antique Armour Emporium.
  1842 | D:3      | Found Bucipivot's Book Shop.
  2103 | D:3      | Found Keum's Magic Scroll Shop.
  2122 | D:3      | Bought a scroll of identify for 26 gold pieces
  2122 | D:3      | Bought a scroll of immolation for 52 gold pieces
  2122 | D:3      | Bought a scroll of identify for 26 gold pieces
  2143 | D:3      | Reached skill level 1 in Fighting
  2467 | D:4      | Gained mutation: You have large cloven feet. [demonic
                  | ancestry]
  2467 | D:4      | Reached XP level 5. HP: 37/37 MP: 5/9
  2776 | D:4      | Found an ancient bone altar of Kikubaaqudgha.
  2881 | D:4      | Found Bihud's Antique Armour Shop.
  3147 | D:5      | Entered Level 5 of the Dungeon
  3285 | D:5      | Found Banlon's Distillery.
  3291 | D:5      | Reached XP level 6. HP: 35/44 MP: 5/10
  3299 | D:5      | Reached skill level 1 in Hexes
  3460 | D:5      | Bought a potion of might for 40 gold pieces
  3544 | D:5      | Found a stormy altar of Qazlal.
  3598 | D:5      | Reached skill level 5 in Conjurations
  3869 | D:5      | Found a hazy altar of Hepliaklqana.
  3877 | D:5      | Became a worshipper of Hepliaklqana the Forgotten
  3883 | D:5      | Learned a level 4 spell: Iskenderun's Mystic Blast
  3924 | D:5      | Found a staircase to the Ecumenical Temple.
  3976 | D:5      | Found a broken altar of Ashenzari.
  4112 | D:5      | Found a radiant altar of Vehumet.
  4203 | D:5      | Reached XP level 7. HP: 51/51 MP: 8/12
  4532 | D:5      | Reached skill level 1 in Invocations
  4662 | D:6      | HP: 1/51 [iguana (11)]
  4795 | D:6      | Found Sofruo's Antique Armour Shoppe.
  4903 | D:6      | Learned a level 2 spell: Scorch
  4926 | D:6      | Reached skill level 2 in Invocations
  5602 | D:6      | Gained mutation: You are partially covered in sharp spines.
                  | [demonic ancestry]
  5602 | D:6      | Reached XP level 8. HP: 58/58 MP: 4/13
  5829 | D:7      | Found Gomum's One-of-a-Kind Rings.
  5864 | D:7      | Reached skill level 1 in Translocations
  5864 | D:7      | Reached skill level 1 in Fire Magic
  5902 | D:7      | Noticed a hornet
  5916 | D:7      | Killed a hornet
  5917 | D:7      | Reached skill level 3 in Invocations
  5927 | D:7      | Found a sand-covered staircase.
  5946 | Ossuary  | Entered an ossuary
  6911 | D:7      | Found a shadowy altar of Dithmenos.
  6918 | D:7      | Reached * piety under Hepliaklqana
  6970 | D:7      | Noticed Joseph
  6982 | D:7      | Killed Joseph
  6983 | D:7      | Reached skill level 4 in Invocations
  6983 | D:7      | Gained mutation: You have hoof-like feet. [demonic
                  | ancestry]
  6983 | D:7      | Reached XP level 9. HP: 50/58 MP: 5/15
  7287 | D:7      | Reached skill level 5 in Stealth
  7797 | D:8      | Noticed a white ugly thing
  7815 | D:8      | Killed a white ugly thing
  8140 | D:8      | Reached skill level 5 in Spellcasting
  8152 | D:8      | Reached skill level 5 in Invocations
  8316 | D:8      | Reached skill level 5 in Dodging
  8763 | D:8      | Found an ornate altar of the Wu Jian Council.
  8793 | D:8      | Found a shimmering blue altar of Sif Muna.
  8823 | D:8      | Found an opulent altar of Gozag.
  8904 | D:8      | Found a sparkling altar of Nemelex Xobeh.
  9101 | D:9      | Gained mutation: You sometimes gain a little power by
                  | taking damage. [demonic ancestry]
  9101 | D:9      | Reached XP level 10. HP: 65/65 MP: 9/17
  9190 | D:9      | Reached skill level 5 in Fighting
  9401 | D:9      | Found Focucuon's Weapon Emporium.
  9460 | D:9      | Found Kutsihe's Antique Weapon Shoppe.
  9460 | D:9      | Reached ** piety under Hepliaklqana
  9461 | D:9      | Remembered your ancestor Baqqanum as a battlemage
  9787 | D:10     | Entered Level 10 of the Dungeon
  9825 | D:10     | Found a staircase to the Lair.
 10239 | D:10     | Paralysed by a hornet for 2 turns
 10512 | D:11     | Noticed a two-headed ogre
 10517 | D:11     | Killed a two-headed ogre
 10518 | D:11     | Reached skill level 6 in Invocations
 10651 | D:11     | Reached skill level 5 in Hexes
 10946 | D:11     | Gained mutation: You have sharp fingernails. [demonic
                  | ancestry]
 10946 | D:11     | Reached XP level 11. HP: 63/72 MP: 19/19
 11099 | D:11     | Reached *** piety under Hepliaklqana
 11555 | D:12     | Found a staircase to the Orcish Mines.
 11774 | D:12     | Reached skill level 7 in Invocations
 11987 | D:12     | Identified the +7 quarterstaff "Lyefi" {venom, rElec Int+4}
 12034 | D:12     | Noticed a two-headed ogre
 12041 | D:12     | Killed a two-headed ogre
 12112 | D:12     | Noticed Nessos
 12184 | Lair:1   | Entered Level 1 of the Lair of Beasts
 12354 | Lair:1   | Reached skill level 5 in Translocations
 12379 | Lair:1   | Reached skill level 5 in Fire Magic
 12652 | Lair:1   | Reached **** piety under Hepliaklqana
 13156 | Lair:1   | Noticed a seven-headed hydra
 13160 | Lair:1   | Killed a seven-headed hydra
 13576 | Lair:2   | Noticed an eight-headed hydra
 13579 | Lair:2   | Noticed an eight-headed hydra
 13587 | Lair:1   | Killed an eight-headed hydra
 13588 | Lair:1   | Reached skill level 8 in Invocations
 13634 | Lair:2   | Noticed a death yak
 13639 | Lair:1   | Killed an eight-headed hydra
 13640 | Lair:1   | Gained mutation: You have very sharp fingernails. [demonic
                  | ancestry]
 13640 | Lair:1   | Reached XP level 12. HP: 17/80 MP: 17/22
 13737 | Lair:2   | Killed a death yak
 13810 | Lair:2   | Noticed a death yak
 13816 | Lair:2   | Noticed a death yak
 14232 | Lair:2   | Killed a death yak
 14290 | Lair:2   | Noticed a death yak
 14290 | Lair:2   | Noticed a death yak
 14309 | Lair:1   | Killed a death yak
 14396 | Lair:2   | Found a runed translucent door.
 14396 | Lair:2   | Noticed ystael's ghost (journeyman TrFi)
 14455 | Lair:1   | Killed a death yak
 14523 | Lair:2   | Killed a death yak
 14835 | Lair:2   | Found a staircase to the Snake Pit.
 15069 | Lair:2   | Found a shimmering altar of Xom.
 15106 | Lair:2   | Reached skill level 9 in Invocations
 15778 | Lair:2   | Slain by a cane toad

Illustrated notes

Levels and vault maps discovered:
D:1:      dpeg_arrival_court, layout_basic, shapermc_ecumenical_altar_pompeii
D:2:      layout_basic, basic_altar, minmay_tromino_i4
D:3:      layout_basic, mainiacjoe_overflow_alcove_1,
          mainiacjoe_overflow_24_doors, serial_shops, shop, shop,
          nicolae_diamond_shop
D:4:      layout_rooms, kennysheep_little_box, serial_shops, shop,
          minmay_misc_feat_pillars
D:5:      layout_cave_pools, lemuel_coloured_pillars_altar,
          general_overflow_altar, nicolae_qazlal_scattered_showers,
          nicolae_overflow_hidden_temple, minmay_temple_entry_waves,
          serial_glass, glass_columns_c, glass_columns_a,
          minmay_strange_pillars, feat_on_display, item_on_display_a,
          serial_shops, nicolae_shop_stone
D:6:      layout_basic, serial_shops, nicolae_shop_pleasant_corner_grove,
          kennysheep_generic_room_4
D:7:      layout_basic, lemuel_crystal_altar, chequers_ossuary_entry_cave,
          enter_bailey_2, hangedman_decor_growths, st_stairs_3,
          nicolae_shop_unique_rings, skrybe_limestone_x,
          minmay_stone_trees_small, uniq_joseph
D:8:      layout_rooms, nzn_wu_jian_council_hall, nemelex_altar_shiori,
          mainiacjoe_overflow_two_lobes, kennysheep_diamond
D:9:      layout_roguey, serial_shops, shop, shop
D:10:     layout_loops_cross, lair_entry_dummy
D:11:     layout_loops_ring
D:12:     layout_roguey, minmay_orc_entry_guard_dogs, special_room
          [special_room_bee], grunt_ministairs_14, uniq_nessos
Lair:1:   cheibrodos_lair_river_kwai, layout_long_grid
Lair:2:   wad_woods_stonehenge, layout_regular_city,
          guppyfry_snake_entry_island, gammafunk_ghost_grave
Lair:3:   layout_roguey, elwin_shoals_entry_rooms, grunt_megastairs_5

Skill      XL: |  1  2  3  4  5  6  7  8  9 10 11 12 |
---------------+-------------------------------------+-----
Stealth        | 2 3 4 5 6 7 8 |  8.0
Dodging        | 2 3 4 5 6 7 |  7.3
Fighting       | 1 2 3 4 5 6 7 |  7.6
Spellcasting   | 3 4 5 6 7 |  7.4
Hexes          | 1 2 3 4 5 6 7 |  7.1
Conjurations   | 5 6 7 8 |  8.8
Invocations    | 2 4 5 6 8 9 |  9.1
Translocations | 2 3 4 5 |  5.0
Fire Magic     | 2 3 4 5 |  5.0

Action                     |  1- 3 |  4- 6 |  7- 9 | 10-12 || total
---------------------------+-------+-------+-------+-------++-------
  Melee: Dagger            |    18 |    47 |    77 |       ||   142
         Quarterstaff      |    22 |    33 |       |       ||    55
         Punch             |       |       |     1 |     2 ||     3
         Falchion          |       |       |       |    76 ||    76
         Staff             |       |       |       |    60 ||    60
   Cast: Magic Dart        |    29 |    19 |    81 |    35 ||   164
         Searing Ray       |     5 |    17 |    56 |    67 ||   145
         Dazzling Flash    |       |     3 |     4 |    13 ||    20
         Scorch            |       |       |     9 |       ||     9
         Iskenderun's Myst |       |       |     3 |     4 ||     7
 Invoke: Ancestor Life: Ba |       |       |       |     1 ||     1
         Recall Ancestor   |       |       |       |     2 ||     2
    Use: Scroll            |     7 |     7 |     8 |     6 ||    28
         Potion            |       |       |     5 |     1 ||     6
   Stab: Sleeping          |     2 |     5 |     1 |     3 ||    11
         Distracted        |     1 |       |       |     2 ||     3
         Invisible         |       |       |       |     1 ||     1
 Armour: Robe              |    15 |    35 |    38 |       ||    88
         Leather armour    |       |       |     2 |       ||     2
         Acid dragon scale |       |       |     1 |    18 ||    19
         Troll leather arm |       |       |       |    81 ||    81
  Dodge: Dodged            |    40 |    68 |   105 |   202 ||   415
